[Event "CCT Chessable Masters Play-In 2025"]
[Site "Online"]
[Date "2025.02.17"]
[Round "3.27"]
[White "Rustemov, Alexander"]
[Black "Zhu, Jiner"]
[Result "1-0"]
[ECO "D38"]
[WhiteElo "2525"]
[BlackElo "2514"]
[PlyCount "37"]
[EventDate "2025.02.13"]
[EventType "swiss"]
[EventCountry "NET"]
[TimeControl "600"]
[WhiteClock "0:06:11"]
[BlackClock "0:04:10"]

1. d4 Nf6 2. c4 e6 3. Nf3 d5 4. cxd5 exd5 5. Nc3 Bb4 6. Bf4 Ne4 7. Rc1 g5 8. Bd2 Bxc3 9. Bxc3 Nc6 10. e3 Bf5 11. Bb5 Bd7 12. Qb3 a6 13. Bd3 g4 14. Bxe4 dxe4 15. Nd2 O-O 16. d5 Ne7 17. Nxe4 Bf5 18. Nf6+ Kg7 19. e4 1-0

[Event "CCT Chessable Masters Play-In 2025"]
[Site "Online"]
[Date "2025.02.17"]
[Round "3.28"]
[White "Warmerdam, Max"]
[Black "Andreikin, Dmitry"]
[Result "0-1"]
[ECO "A04"]
[WhiteElo "2638"]
[BlackElo "2695"]
[PlyCount "74"]
[EventDate "2025.02.13"]
[EventType "swiss"]
[EventCountry "NET"]
[TimeControl "600"]
[WhiteClock "0:01:09"]
[BlackClock "0:03:57"]

1. Nf3 b5 2. g3 Bb7 3. e3 a6 4. b3 Nf6 5. c4 bxc4 6. bxc4 e6 7. Bg2 Be7 8. Nc3 Nc6 9. Rb1 Na5 10. O-O O-O 11. d3 c5 12. Bd2 Rb8 13. Qc2 d6 14. Rb2 Bc6 15. Rfb1 Rxb2 16. Qxb2 Qa8 17. e4 Rc8 18. Nd5 exd5 19. exd5 Nxd5 20. cxd5 Bxd5 21. Bxa5 Bxf3 22. Bxf3 Qxf3 23. Qb7 Qxb7 24. Rxb7 Bf6 25. Rb6 d5 26. Kf1 c4 27. dxc4 dxc4 28. Ke2 c3 29. Kd1 c2+ 30. Kc1 Bd4 31. Rb3 Bxf2 32. Bb6 Be1 33. Rd3 f5 34. Be3 Bb4 35. Bd4 Kf7 36. Bb2 Be7 37. h4 g5 0-1

[Event "CCT Chessable Masters Play-In 2025"]
[Site "Online"]
[Date "2025.02.17"]
[Round "3.29"]
[White "Alonso Rosell, Alvar"]
[Black "Martinez Alcantara, Jose Eduardo"]
[Result "1-0"]
[ECO "E14"]
[WhiteElo "2535"]
[BlackElo "2606"]
[PlyCount "99"]
[EventDate "2025.02.13"]
[EventType "swiss"]
[EventCountry "NET"]
[TimeControl "600"]
[WhiteClock "0:01:43"]

1. d4 e6 2. Nf3 b6 3. e3 Bb7 4. Bd3 Nf6 5. O-O Be7 6. c4 O-O 7. Nc3 d6 8. e4 c5 9. d5 e5 10. g3 Nbd7 11. Nh4 g6 12. Ng2 Re8 13. f4 exf4 14. gxf4 Bf8 15. Bd2 Bg7 16. Qf3 a6 17. a4 Qc7 18. Rae1 Rf8 19. Re2 Rae8 20. Be1 Bc8 21. Bh4 h6 22. Bg3 Nh5 23. Be1 Ndf6 24. h3 Nd7 25. Kh1 Qd8 26. Nh4 Nxf4 27. Qxf4 g5 28. Qd2 gxh4 29. Rg2 Ne5 30. Qxh6 Ng6 31. Qe3 Qd7 32. Rf3 Re5 33. Ne2 Qxa4 34. Nf4 Qd1 35. Rf1 Qa4 36. Bc3 Qe8 37. Rfg1 Kh7 38. Qe1 Bh6 39. Bxe5 Qxe5 40. Rxg6 Qxf4 41. Rf6 Qxf6 42. e5+ Qf5 43. Qb1 Qxd3 44. Qxd3+ Kh8 45. e6 Bg7 46. Qf3 fxe6 47. Qh5+ Kg8 48. Qg5 Rf7 49. Qd8+ Rf8 50. Qc7 1-0

[Event "CCT Chessable Masters Play-In 2025"]
[Site "Online"]
[Date "2025.02.17"]
[Round "3.30"]
[White "Ding, Liren"]
[Black "Bjerre, Jonas Buhl"]
[Result "0-1"]
[ECO "B38"]
[WhiteElo "2734"]
[BlackElo "2640"]
[PlyCount "138"]
[EventDate "2025.02.13"]
[EventType "swiss"]
[EventCountry "NET"]
[TimeControl "600"]
[WhiteClock "0:00:09"]
[BlackClock "0:00:44"]

1. e4 c5 2. Nf3 g6 3. c4 Bg7 4. d4 cxd4 5. Nxd4 Nc6 6. Be3 Qb6 7. Nb3 Qd8 8. Nc3 Bxc3+ 9. bxc3 Nf6 10. Bd3 d6 11. f4 Ng4 12. Bd2 f5 13. Nd4 O-O 14. exf5 Nxd4 15. cxd4 Bxf5 16. Be2 Nf6 17. O-O Rc8 18. Qb3 Qd7 19. h3 h5 20. Rac1 Kh7 21. Kh2 b6 22. Be3 Rc7 23. d5 e6 24. Bd4 Be4 25. Qb2 Qe7 26. dxe6 Qxe6 27. Rc3 Qf5 28. Re3 Re7 29. Bd3 Ree8 30. Be2 h4 31. Qd2 Nh5 32. Bg4 Ng3 33. Rxg3 hxg3+ 34. Kxg3 Qf7 35. Kh2 Bf5 36. Bf3 Be4 37. Bg4 Qxc4 38. Rc1 Qf7 39. Qf2 Qxf4+ 40. Qxf4 Rxf4 41. Rc7+ Kg8 42. Rg7+ Kf8 43. Rxa7 Re7 44. Ra3 Bf5 45. Be3 Rfe4 46. Bh6+ Kf7 47. Bf3 Rd4 48. Bg5 Rc7 49. Rb3 Be4 50. Be3 Ra4 51. Bxb6 Rb7 52. Bxe4 Rxe4 53. Rf3+ Ke6 54. Bf2 Rb2 55. a3 Ree2 56. Kg3 Ra2 57. h4 d5 58. Bd4 Rxg2+ 59. Kf4 Rae2 60. Re3+ Rxe3 61. Bxe3 Ra2 62. Bc5 Rc2 63. Bb4 Rc4+ 64. Kg5 d4 65. Kxg6 d3 66. h5 Rg4+ 67. Kh7 Rxb4 68. axb4 d2 69. h6 d1=Q 0-1

[Event "CCT Chessable Masters Play-In 2025"]
[Site "Online"]
[Date "2025.02.17"]
[Round "3.31"]
[White "Robson, Ray"]
[Black "Nesterov, Arseniy"]
[Result "1-0"]
[ECO "D36"]
[WhiteElo "2689"]
[BlackElo "2591"]
[PlyCount "107"]
[EventDate "2025.02.13"]
[EventType "swiss"]
[EventCountry "NET"]
[TimeControl "600"]
[WhiteClock "0:02:43"]
[BlackClock "0:00:19"]

1. d4 Nf6 2. c4 e6 3. Nc3 d5 4. cxd5 exd5 5. Bg5 c6 6. Qc2 Be7 7. e3 O-O 8. Bd3 Re8 9. Nge2 Nbd7 10. O-O Nf8 11. Rad1 g6 12. f3 Ne6 13. Bh4 b5 14. h3 Bd7 15. e4 b4 16. Na4 Rc8 17. e5 Nh5 18. Bxe7 Qxe7 19. f4 c5 20. Nxc5 Nxc5 21. dxc5 Rxc5 22. Qd2 a5 23. Qe3 f6 24. Rde1 fxe5 25. fxe5 Ng7 26. Nd4 Ne6 27. Nxe6 Bxe6 28. Rf6 d4 29. Qxd4 Rd5 30. Qe3 Qc5 31. b3 Kg7 32. Bc4 Qxe3+ 33. Rxe3 Rd1+ 34. Rf1 Rd2 35. Bxe6 Rxe6 36. Rf2 Rd1+ 37. Kh2 Rd5 38. Rfe2 Kf7 39. Kg3 Rc6 40. Rf3+ Ke7 41. Ref2 Rxe5 42. Rf7+ Kd6 43. Rxh7 Rc3+ 44. Kg4 Re4+ 45. Kg5 Rg3+ 46. Kh6 Rh4+ 47. Kg7 Rxh7+ 48. Kxh7 Ke5 49. Kg7 Ke4 50. Kf6 Kd4 51. Rf4+ Kd5 52. Rg4 Re3 53. Rg5+ Kd4 54. Rxa5 1-0

[Event "CCT Chessable Masters Play-In 2025"]
[Site "Online"]
[Date "2025.02.17"]
[Round "3.32"]
[White "Esipenko, Andrey"]
[Black "Narayanan, Srinath"]
[Result "0-1"]
[ECO "B53"]
[WhiteElo "2695"]
[BlackElo "2516"]
[PlyCount "66"]
[EventDate "2025.02.13"]
[EventType "swiss"]
[EventCountry "NET"]
[TimeControl "600"]
[WhiteClock "0:01:34"]
[BlackClock "0:02:40"]

1. e4 c5 2. Nf3 d6 3. d4 cxd4 4. Qxd4 a6 5. Nc3 Nc6 6. Qd3 g6 7. Be2 Bg7 8. O-O Bg4 9. Bg5 Bxf3 10. Bxf3 Nf6 11. Be2 O-O 12. Nd5 Nd7 13. c3 h6 14. Bh4 g5 15. Bg3 Nc5 16. Qc2 Rc8 17. Rad1 Ne5 18. f4 gxf4 19. Bxf4 e6 20. Ne3 Qe7 21. Bh5 Rc6 22. g3 b5 23. Rf2 a5 24. a3 b4 25. Bxe5 Bxe5 26. Rdf1 Qg5 27. Qe2 bxc3 28. Bxf7+ Kh8 29. Bh5 Rxf2 30. Qxf2 Rc8 31. Qf7 Qxe3+ 32. Kg2 c2 33. Bg6 Bg7 0-1

[Event "CCT Chessable Masters Play-In 2025"]
[Site "Online"]
[Date "2025.02.17"]
[Round "3.33"]
[White "Smirnov, Pavel"]
[Black "Bortnyk, Olexandr"]
[Result "0-1"]
[ECO "A50"]
[WhiteElo "2476"]
[BlackElo "2601"]
[PlyCount "94"]
[EventDate "2025.02.13"]
[EventType "swiss"]
[EventCountry "NET"]
[TimeControl "600"]
[WhiteClock "0:00:44"]
[BlackClock "0:02:37"]

1. d4 Nf6 2. c4 b6 3. Nc3 Bb7 4. Qc2 g6 5. e4 d6 6. Nf3 Nbd7 7. Be2 e5 8. d5 h5 9. O-O Bh6 10. Bxh6 Rxh6 11. b4 Kf8 12. Ne1 a5 13. Qc1 Kg7 14. a3 h4 15. Nd3 Ba6 16. Nb2 Nh5 17. Bxh5 Rxh5 18. b5 Bc8 19. Nd3 Nc5 20. Nxc5 bxc5 21. f4 Qf6 22. Qe3 Bd7 23. Rf2 exf4 24. Rxf4 Qe5 25. Raf1 Rf8 26. Qd2 f5 27. Re1 g5 28. Rff1 f4 29. Ne2 h3 30. g3 f3 31. Nc1 a4 32. Re3 g4 33. Nd3 Qd4 34. Rc1 Re5 35. Kf1 Bf5 36. Rce1 Rfe8 37. Qb2 Rxe4 38. Qxd4+ cxd4 39. Rxe4 Rxe4 40. Rxe4 Bxe4 41. Nf2 Bf5 42. Ke1 Kf6 43. Kd2 Ke7 44. Nd1 Kd7 45. Nb2 Bc2 46. c5 dxc5 47. Nc4 f2 0-1

[Event "CCT Chessable Masters Play-In 2025"]
[Site "Online"]
[Date "2025.02.17"]
[Round "3.34"]
[White "Daneshvar, Bardiya"]
[Black "Ioannidis, Evgenios"]
[Result "1-0"]
[ECO "D48"]
[WhiteElo "2604"]
[BlackElo "2484"]
[PlyCount "89"]
[EventDate "2025.02.13"]
[EventType "swiss"]
[EventCountry "NET"]
[TimeControl "600"]
[WhiteClock "0:02:40"]
[BlackClock "0:02:46"]

1. d4 d5 2. c4 e6 3. Nf3 Nf6 4. Nc3 c6 5. e3 Nbd7 6. Be2 dxc4 7. Bxc4 b5 8. Bd3 a6 9. a4 b4 10. Ne4 c5 11. a5 Bb7 12. Nxf6+ Nxf6 13. O-O cxd4 14. Nxd4 Bd6 15. Qa4+ Qd7 16. Bd2 O-O 17. Bxb4 Bxb4 18. Qxb4 e5 19. Bf5 Qd5 20. Nf3 e4 21. Nd4 Rab8 22. Rfd1 Qe5 23. Rac1 g6 24. Bh3 Bc8 25. Nc6 Rxb4 26. Nxe5 Bxh3 27. gxh3 Rxb2 28. Rc6 Rb5 29. Nc4 Nd5 30. Rxa6 Nc3 31. Ra1 Rg5+ 32. Kf1 f5 33. Rc6 f4 34. exf4 Rxf4 35. Rc8+ Kg7 36. Rc7+ Kh6 37. Ne3 Nd5 38. Nxd5 Rxd5 39. Rc2 Rd7 40. a6 Ra7 41. Ke2 Rf3 42. Rc4 Raf7 43. a7 Rxf2+ 44. Ke3 R7f3+ 45. Kd4 1-0

[Event "CCT Chessable Masters Play-In 2025"]
[Site "Online"]
[Date "2025.02.17"]
[Round "3.35"]
[White "Grandelius, Nils"]
[Black "Salem, A.R. Saleh"]
[Result "1/2-1/2"]
[ECO "B07"]
[WhiteElo "2644"]
[BlackElo "2631"]
[PlyCount "87"]
[EventDate "2025.02.13"]
[EventType "swiss"]
[EventCountry "NET"]
[TimeControl "600"]
[WhiteClock "0:03:05"]
[BlackClock "0:04:29"]

1. d4 Nf6 2. Nf3 g6 3. g3 Bg7 4. Bg2 O-O 5. O-O d6 6. Re1 Nbd7 7. e4 e5 8. Nc3 b6 9. a4 a6 10. dxe5 dxe5 11. b3 Bb7 12. Ba3 Re8 13. Qe2 Bf8 14. Bxf8 Kxf8 15. Rad1 Kg7 16. Qe3 Qc8 17. Bh3 Bc6 18. Nd5 Qb7 19. c4 Rad8 20. Nh4 h6 21. Qc3 b5 22. cxb5 axb5 23. Nxc7 Rf8 24. Nxb5 Bxb5 25. axb5 Qxb5 26. Bxd7 Rxd7 27. Rxd7 Nxd7 28. Nf3 Rb8 29. Rd1 Qxb3 30. Qxb3 Rxb3 31. Rxd7 Rxf3 32. h4 Kf6 33. Rd6+ Ke7 34. Rd5 Ke6 35. Ra5 Rd3 36. Kg2 h5 37. Ra6+ Rd6 38. Ra5 Rd4 39. Ra6+ Rd6 40. Ra5 Rc6 41. Ra4 Rb6 42. Ra5 Rc6 43. Ra4 Rd6 44. Ra5 1/2-1/2

[Event "CCT Chessable Masters Play-In 2025"]
[Site "Online"]
[Date "2025.02.17"]
[Round "3.36"]
[White "Xu, Xiangyu"]
[Black "Hong, Andrew"]
[Result "1-0"]
[ECO "E32"]
[WhiteElo "2623"]
[BlackElo "2579"]
[PlyCount "111"]
[EventDate "2025.02.13"]
[EventType "swiss"]
[EventCountry "NET"]
[TimeControl "600"]
[WhiteClock "0:03:32"]
[BlackClock "0:00:09"]

1. d4 Nf6 2. c4 e6 3. Nc3 Bb4 4. Qc2 O-O 5. e4 d5 6. e5 Ne4 7. Bd3 c5 8. a3 Ba5 9. Bxe4 dxe4 10. dxc5 Nc6 11. Bf4 Qd4 12. b4 Bc7 13. Nge2 Qxc4 14. Qxe4 Qxe4 15. Nxe4 Bxe5 16. O-O-O Bxf4+ 17. Nxf4 e5 18. Nd5 Nd4 19. Rhe1 a5 20. Ne7+ Kh8 21. Nxc8 axb4 22. axb4 Rfxc8 23. Nd6 Rf8 24. Rxe5 Nc6 25. Re4 f5 26. Rc4 g6 27. b5 Na5 28. Rc3 Rf6 29. Kc2 Re6 30. Re3 Rxe3 31. fxe3 Nc6 32. bxc6 bxc6 33. Rb1 Ra5 34. Nb7 Ra3 35. Rb6 Rxe3 36. Rxc6 Re2+ 37. Kd3 Rxg2 38. Rb6 Rxh2 39. c6 Rh3+ 40. Kd4 Rh4+ 41. Kd5 Ra4 42. c7 Ra8 43. Nd6 Kg7 44. Rb8 Ra5+ 45. Nb5 Kh6 46. c8=Q Ra4 47. Qc1+ Kh5 48. Nd4 Ra5+ 49. Ke6 f4 50. Qxf4 Ra6+ 51. Kf7 Ra7+ 52. Kf6 Ra6+ 53. Ne6 h6 54. Rb5+ g5 55. Rxg5+ hxg5 56. Qxg5# 1-0

[Event "CCT Chessable Masters Play-In 2025"]
[Site "Online"]
[Date "2025.02.17"]
[Round "3.37"]
[White "Meshkovs, Nikita"]
[Black "Sadhwani, Raunak"]
[Result "0-1"]
[ECO "A49"]
[WhiteElo "2531"]
[BlackElo "2666"]
[PlyCount "144"]
[EventDate "2025.02.13"]
[EventType "swiss"]
[EventCountry "NET"]
[TimeControl "600"]
[WhiteClock "0:00:10"]
[BlackClock "0:01:07"]

1. d4 g6 2. Nf3 Bg7 3. g3 Nf6 4. Bg2 O-O 5. O-O d6 6. b3 b5 7. Bb2 Bb7 8. Na3 b4 9. Nc4 a5 10. Re1 Nbd7 11. a4 c5 12. e3 Qc7 13. c3 bxc3 14. Bxc3 cxd4 15. Bxd4 Nc5 16. Rc1 Rab8 17. Bxc5 Qxc5 18. Qd2 Ra8 19. Nd4 Bxg2 20. Kxg2 Ne4 21. Qd3 Qd5 22. Nb6 Nc5+ 23. Nxd5 Nxd3 24. Nxe7+ Kh8 25. Nb5 Rfd8 26. Kf1 Nxc1 27. Rxc1 Rd7 28. Nd5 Rb7 29. Rc6 Bf8 30. Ke2 Kg7 31. Kd3 h5 32. e4 g5 33. h3 Rab8 34. Kc4 Re8 35. Kd4 Reb8 36. g4 h4 37. Kc4 Re8 38. f3 Rbb8 39. Nb6 Kh8 40. Nc3 d5+ 41. Ncxd5 Re6 42. Kb5 Kg7 43. Rc7 Bb4 44. Rc6 Be1 45. Nc7 Re7 46. Na6 Rd8 47. Nd5 Re6 48. Nc5 Rb8+ 49. Rb6 Rexb6+ 50. Nxb6 Rd8 51. Nd5 Rb8+ 52. Kc4 Rc8 53. Nb6 Rc6 54. Kb5 Rf6 55. Nd3 Bg3 56. b4 Rxf3 57. Kc4 axb4 58. a5 Bc7 59. Nxb4 Rxh3 60. N4d5 Bb8 61. Nd7 Ba7 62. Ne7 Ra3 63. Nf5+ Kg8 64. Nf6+ Kh8 65. e5 h3 66. Ne4 h2 67. Nfg3 Rxa5 68. Nxg5 Kg8 69. N5e4 Rxe5 70. Kd3 Ra5 71. Ke2 Ra1 72. Nf6+ Kh8 0-1

[Event "CCT Chessable Masters Play-In 2025"]
[Site "Online"]
[Date "2025.02.17"]
[Round "3.38"]
[White "Dubov, Daniil"]
[Black "Mendonca, Leon Luke"]
[Result "1-0"]
[ECO "A30"]
[WhiteElo "2701"]
[BlackElo "2641"]
[PlyCount "69"]
[EventDate "2025.02.13"]
[EventType "swiss"]
[EventCountry "NET"]
[TimeControl "600"]
[WhiteClock "0:04:47"]
[BlackClock "0:00:10"]

1. Nf3 Nf6 2. c4 e6 3. b3 b6 4. g3 Bb7 5. Bg2 c5 6. Bb2 Be7 7. O-O O-O 8. Nc3 a6 9. Re1 d6 10. e4 Nc6 11. d4 cxd4 12. Nxd4 Nxd4 13. Qxd4 Qc7 14. Rac1 Rab8 15. h3 Rfd8 16. Red1 Ne8 17. Qe3 Bc6 18. Nd5 Qb7 19. Nxe7+ Qxe7 20. Rd2 Qb7 21. Rcd1 Rd7 22. a4 f5 23. f3 fxe4 24. fxe4 e5 25. g4 h6 26. h4 Rf7 27. Rxd6 Nxd6 28. Rxd6 Re8 29. g5 Rf4 30. gxh6 Bxe4 31. Rg6 Re7 32. Bxe5 Rxh4 33. Qg5 Rxh6 34. Bxe4 Rxg6 35. Qxg6 1-0

[Event "CCT Chessable Masters Play-In 2025"]
[Site "Online"]
[Date "2025.02.17"]
[Round "3.39"]
[White "Tari, Aryan"]
[Black "Pantsulaia, Levan"]
[Result "1-0"]
[ECO "B41"]
[WhiteElo "2621"]
[BlackElo "2522"]
[PlyCount "117"]
[EventDate "2025.02.13"]
[EventType "swiss"]
[EventCountry "NET"]
[TimeControl "600"]
[WhiteClock "0:01:26"]

1. e4 c5 2. Nf3 e6 3. d4 cxd4 4. Nxd4 a6 5. a3 Nf6 6. Nc3 e5 7. Nf5 d5 8. Bg5 d4 9. Bxf6 Qxf6 10. Nd5 Qc6 11. Qf3 g6 12. Ng3 Bg7 13. Bd3 h5 14. h3 Qd6 15. c3 dxc3 16. bxc3 Be6 17. Bc4 Nd7 18. O-O h4 19. Ne2 O-O 20. Rfd1 Qc5 21. Ba2 Rfe8 22. Ne3 Nf8 23. Bxe6 Nxe6 24. Rd5 Qe7 25. Ng4 Rad8 26. c4 b5 27. cxb5 Ng5 28. Qb3 Nxe4 29. Rxd8 Rxd8 30. bxa6 Nc5 31. Qc4 Ra8 32. Nc3 Nxa6 33. Nd5 Qc5 34. Ngf6+ Bxf6 35. Nxf6+ Kg7 36. Qxh4 Rh8 37. Qg5 Qd4 38. Rf1 Nc5 39. Ng4 Ne4 40. Qxe5+ Qxe5 41. Nxe5 Re8 42. Nf3 Nc3 43. Ra1 Re4 44. g3 Re2 45. a4 Re6 46. a5 Ra6 47. Nd4 Ne4 48. Nb3 Nd6 49. Rc1 Nb5 50. Rc5 Na7 51. Kg2 Nc6 52. h4 Kf6 53. f4 Ke7 54. Kf3 Kd6 55. Ke4 Ra8 56. Rd5+ Kc7 57. h5 Rb8 58. Nd4 Re8+ 59. Kf3 1-0

[Event "CCT Chessable Masters Play-In 2025"]
[Site "Online"]
[Date "2025.02.17"]
[Round "3.40"]
[White "Oparin, Grigoriy"]
[Black "Chirila, Ioan-Cristian"]
[Result "1-0"]
[ECO "B20"]
[WhiteElo "2660"]
[BlackElo "2506"]
[PlyCount "77"]
[EventDate "2025.02.13"]
[EventType "swiss"]
[EventCountry "NET"]
[TimeControl "600"]
[WhiteClock "0:03:07"]
[BlackClock "0:01:01"]

1. a3 g6 2. e4 c5 3. Bc4 Bg7 4. d3 Nc6 5. Nc3 e6 6. h4 Nge7 7. Ba2 d5 8. Nge2 h5 9. Bg5 d4 10. Nb1 f6 11. Bf4 e5 12. Bg3 f5 13. f3 Qd6 14. Nd2 Be6 15. Nc4 Qd7 16. a4 O-O 17. Qd2 Kh7 18. c3 Bh6 19. Qc2 fxe4 20. fxe4 Bxc4 21. Bxc4 Qg4 22. a5 Bf4 23. Rh3 dxc3 24. bxc3 b6 25. axb6 axb6 26. Rxa8 Rxa8 27. Qb2 Be3 28. Bf2 Qxg2 29. Rxe3 Rf8 30. Ng1 b5 31. Bxb5 Rb8 32. Qb3 Rf8 33. Qa2 Na5 34. Rg3 Qh2 35. Rf3 Rxf3 36. Nxf3 Qh1+ 37. Ke2 Nac6 38. Ng5+ Kh6 39. Qf7 1-0

[Event "CCT Chessable Masters Play-In 2025"]
[Site "Online"]
[Date "2025.02.17"]
[Round "3.41"]
[White "Eljanov, Pavel"]
[Black "Aditya Mittal"]
[Result "1-0"]
[ECO "D02"]
[WhiteElo "2658"]
[BlackElo "2550"]
[PlyCount "123"]
[EventDate "2025.02.13"]
[EventType "swiss"]
[EventCountry "NET"]
[TimeControl "600"]
[WhiteClock "0:01:27"]
[BlackClock "0:00:04"]

1. d4 d5 2. Nf3 Nf6 3. Bf4 c5 4. e3 Nc6 5. Nbd2 e6 6. c3 cxd4 7. exd4 Nh5 8. Be3 Bd6 9. Bb5 O-O 10. O-O Qb6 11. Qb3 Bd7 12. a4 a6 13. Bd3 Qxb3 14. Nxb3 f5 15. Rfe1 h6 16. Bf1 g5 17. Nc5 Bxc5 18. dxc5 e5 19. b4 f4 20. Bd2 e4 21. Nd4 Ne5 22. b5 Rfc8 23. c6 bxc6 24. b6 Rcb8 25. a5 c5 26. Nb3 c4 27. Nc5 Ng7 28. Red1 Bc6 29. Bc1 Kf7 30. Ba3 Ne6 31. Be2 f3 32. gxf3 Nf4 33. Bf1 Nxf3+ 34. Kh1 Nd3 35. Ra2 g4 36. Bg2 Nxc5 37. Bxc5 Ke6 38. Bxf3 gxf3 39. Rg1 Rg8 40. Raa1 Bb7 41. Be3 h5 42. h4 Rg4 43. Rxg4 hxg4 44. Kh2 Kf5 45. Kg3 Rh8 46. Rh1 Rh5 47. Bd4 Rh7 48. h5 Bc8 49. h6 Kg6 50. Bg7 e3 51. fxe3 Kf5 52. Rh5+ Ke4 53. Re5+ Kd3 54. Re8 Bb7 55. Re7 Bc6 56. Rc7 Ba8 57. Ra7 Bc6 58. Rc7 Ba8 59. b7 Bxb7 60. Rxb7 Ke2 61. Rf7 Kxe3 62. Bd4+ 1-0

[Event "CCT Chessable Masters Play-In 2025"]
[Site "Online"]
[Date "2025.02.17"]
[Round "3.42"]
[White "Murzin, Volodar"]
[Black "Svidler, Peter"]
[Result "1/2-1/2"]
[ECO "D00"]
[WhiteElo "2657"]
[BlackElo "2696"]
[PlyCount "65"]
[EventDate "2025.02.13"]
[EventType "swiss"]
[EventCountry "NET"]
[TimeControl "600"]
[WhiteClock "0:01:09"]
[BlackClock "0:02:07"]

1. d4 Nf6 2. Nf3 g6 3. Bg5 Bg7 4. Nc3 d5 5. h4 h6 6. Bf4 c5 7. e3 Bg4 8. Bxb8 Rxb8 9. Bb5+ Kf8 10. Be2 cxd4 11. exd4 Ne4 12. Ne5 Nxc3 13. bxc3 Bxe2 14. Qxe2 Qc7 15. O-O h5 16. Qf3 Bxe5 17. dxe5 Qxe5 18. Rfe1 Qf5 19. Qe3 Qf6 20. Rad1 Rc8 21. Rd4 Rc6 22. Qd2 Kg7 23. Rxd5 Rhc8 24. Rd7 Rxc3 25. Rexe7 Rxc2 26. Rxf7+ Qxf7 27. Qd4+ Kg8 28. Rxf7 Kxf7 29. Qd5+ Kg7 30. Qe5+ Kf7 31. Qd5+ Kg7 32. Qe5+ Kf7 33. Qd5+ 1/2-1/2

[Event "CCT Chessable Masters Play-In 2025"]
[Site "Online"]
[Date "2025.02.17"]
[Round "3.43"]
[White "Harikrishna, Pentala"]
[Black "Moroni, Luca Jr"]
[Result "1/2-1/2"]
[ECO "C72"]
[WhiteElo "2695"]
[BlackElo "2552"]
[PlyCount "122"]
[EventDate "2025.02.13"]
[EventType "swiss"]
[EventCountry "NET"]
[TimeControl "600"]
[WhiteClock "0:01:08"]
[BlackClock "0:00:15"]

1. e4 e5 2. Nf3 Nc6 3. Bb5 a6 4. Ba4 d6 5. O-O Bd7 6. c4 g6 7. Nc3 Bg7 8. Bxc6 bxc6 9. d4 exd4 10. Nxd4 c5 11. Nf3 Ne7 12. Bf4 O-O 13. e5 Nf5 14. Qd2 Be6 15. b3 Nd4 16. Nxd4 cxd4 17. Qxd4 dxe5 18. Qxd8 Rfxd8 19. Be3 f5 20. Rad1 h6 21. f3 g5 22. Na4 f4 23. Bf2 g4 24. Nc5 Bf5 25. Bh4 Rd4 26. Rxd4 exd4 27. fxg4 Bc2 28. Ne6 d3 29. Nxg7 d2 30. Ne6 c6 31. Nd4 d1=Q 32. Rxd1 Bxd1 33. h3 Re8 34. Nxc6 Re2 35. c5 Rxa2 36. Nd4 Bc2 37. c6 Be4 38. c7 Bb7 39. Nf3 Rb2 40. Be1 Rxb3 41. Bd2 Rb2 42. Kf1 Rc2 43. Bxf4 a5 44. Nd4 Rc4 45. Be5 a4 46. Nf5 a3 47. Nd6 Rxc7 48. Nf5 Rc2 49. Nxh6+ Kh7 50. Nf7 a2 51. h4 Bxg2+ 52. Ke1 Bd5 53. Ng5+ Kg6 54. Nh3 Rc1+ 55. Kd2 a1=Q 56. Bxa1 Rxa1 57. Nf4+ Kh6 58. Nxd5 Rh1 59. Ne3 Rxh4 60. Nf5+ Kg5 61. Nxh4 Kxg4 1/2-1/2

[Event "CCT Chessable Masters Play-In 2025"]
[Site "Online"]
[Date "2025.02.17"]
[Round "3.44"]
[White "Bartel, Mateusz"]
[Black "Hakobyan, Aram"]
[Result "1-0"]
[ECO "C26"]
[WhiteElo "2629"]
[BlackElo "2635"]
[PlyCount "187"]
[EventDate "2025.02.13"]
[EventType "swiss"]
[EventCountry "NET"]
[TimeControl "600"]
[WhiteClock "0:00:03"]

1. e4 e5 2. Nc3 Nf6 3. g3 Bc5 4. Bg2 d6 5. Nge2 a5 6. d4 exd4 7. Nxd4 O-O 8. h3 Nc6 9. Nxc6 bxc6 10. O-O Re8 11. Re1 Rb8 12. Na4 Ba7 13. Bd2 Rb5 14. Bc3 Nd7 15. b3 Qg5 16. Bd4 Bxd4 17. Qxd4 Nf6 18. Rad1 Qh5 19. h4 Ng4 20. f3 Ne5 21. Qf2 Rb8 22. f4 Bg4 23. Rd2 Nf3+ 24. Bxf3 Bxf3 25. Nc3 Re7 26. Re3 Bg4 27. f5 Qh6 28. Qf4 Qxf4 29. gxf4 Bxf5 30. Kf2 Rbe8 31. Rd4 Bd7 32. Ra4 f5 33. e5 dxe5 34. Rxa5 e4 35. Rc5 Kf7 36. Nd1 Rd8 37. Rg3 g6 38. Ne3 Be8 39. Ke1 Kf6 40. a4 Re6 41. a5 Red6 42. Rg2 Rb8 43. Rd2 Ke7 44. a6 Ra8 45. Ra5 Bf7 46. b4 Kd7 47. c4 Rxd2 48. Kxd2 Rd8 49. Ke1 Kc8 50. b5 Kb8 51. a7+ Ka8 52. bxc6 Rd6 53. c5 Rxc6 54. Nc2 Bc4 55. Nb4 Re6 56. c6 Rd6 57. Rc5 Bf7 58. Ra5 Be8 59. Ra6 Rd4 60. Nc2 Rc4 61. Kd2 Rxc6 62. Ra5 Rd6+ 63. Ke3 Rd3+ 64. Ke2 Rb3 65. Nd4 Rb7 66. Ne6 Bc6 67. Ke3 Rxa7 68. Nxc7+ Kb7 69. Rxa7+ Kxa7 70. Ne6 Kb6 71. Nf8 Kc7 72. Nxh7 Kd6 73. Ng5 Be8 74. Nh3 Ke7 75. Ng5 Kf6 76. Nh3 Bf7 77. Nf2 Be8 78. Nh1 Bf7 79. Ng3 Kg7 80. Ne2 Kh6 81. Ng3 Bg8 82. Kd4 Bf7 83. Ke3 Bg8 84. h5 Kg7 85. hxg6 Kxg6 86. Ne2 Kf6 87. Nd4 Be6 88. Nc6 Bf7 89. Nd4 Bg6 90. Nb5 Bf7 91. Nd4 Bg6 92. Nc6 Bf7 93. Ne5 Bg6 94. Nd7+ 1-0

[Event "CCT Chessable Masters Play-In 2025"]
[Site "Online"]
[Date "2025.02.17"]
[Round "3.45"]
[White "Paravyan, David"]
[Black "Akobian, Varuzhan"]
[Result "1-0"]
[ECO "C02"]
[WhiteElo "2621"]
[BlackElo "2564"]
[PlyCount "97"]
[EventDate "2025.02.13"]
[EventType "swiss"]
[EventCountry "NET"]
[TimeControl "600"]
[WhiteClock "0:02:18"]
[BlackClock "0:01:25"]

1. e4 e6 2. d4 d5 3. e5 c5 4. c3 Qb6 5. Nf3 Nc6 6. a3 c4 7. Nbd2 Na5 8. Be2 Bd7 9. Rb1 Ne7 10. h4 Qc7 11. h5 h6 12. Nf1 Nc8 13. Bf4 Nb6 14. Qd2 Be7 15. Bd1 Ba4 16. Ne3 Qc6 17. Bg3 O-O-O 18. Bh4 Qd7 19. Bxe7 Qxe7 20. Bxa4 Nxa4 21. Qc2 Nb6 22. Nd2 Kb8 23. f4 Rdg8 24. Nf3 Qd7 25. f5 Nc6 26. Nh4 Re8 27. O-O Qe7 28. f6 gxf6 29. Rxf6 Nd7 30. Rf4 Qg5 31. Qf2 Qxh5 32. Rxf7 Ref8 33. Rf1 Nd8 34. Rxf8 Rxf8 35. Qg3 Qe2 36. Rxf8 Nxf8 37. Qf2 Qxf2+ 38. Kxf2 Nf7 39. Kg3 h5 40. Kf4 Kc7 41. Nf1 Kc6 42. Ng3 Kb5 43. Ke3 Ka4 44. Kd2 Kb3 45. Kc1 Nh7 46. Nxh5 Nhg5 47. Nf4 Nh6 48. Nf3 Nf5 49. Nxg5 1-0

[Event "CCT Chessable Masters Play-In 2025"]
[Site "Online"]
[Date "2025.02.17"]
[Round "3.46"]
[White "Dai, Changren"]
[Black "Indjic, Aleksandar"]
[Result "0-1"]
[ECO "A75"]
[WhiteElo "2527"]
[BlackElo "2650"]
[PlyCount "90"]
[EventDate "2025.02.13"]
[EventType "swiss"]
[EventCountry "NET"]
[TimeControl "600"]
[WhiteClock "0:00:43"]
[BlackClock "0:04:34"]

1. d4 Nf6 2. c4 e6 3. Nc3 c5 4. d5 exd5 5. cxd5 d6 6. e4 g6 7. Nf3 a6 8. a4 Bg4 9. Be2 Bxf3 10. Bxf3 Nbd7 11. O-O Bg7 12. Bf4 Qe7 13. Qc2 O-O 14. a5 Rab8 15. Rfe1 h5 16. Be2 Ne8 17. Rab1 b5 18. axb6 Rxb6 19. Na4 Rb4 20. Bxa6 Nef6 21. Nc3 Rfb8 22. Bf1 Nh7 23. b3 Bd4 24. Bd2 Qf6 25. Nd1 R4b7 26. Ne3 Ne5 27. Be2 h4 28. h3 Ng5 29. Rf1 Qf4 30. Ng4 Nef3+ 31. gxf3 Qg3+ 32. Kh1 Qxh3+ 33. Nh2 Nxf3 34. Bf4 Nxh2 35. Bxh2 Rxb3 36. Rxb3 Rxb3 37. Qd1 Rg3 38. Rg1 Bxf2 39. Bg4 Rxg1+ 40. Qxg1 Qe3 41. Qb1 Bg3 42. Bxg3 Qxg3 43. Qd1 c4 44. Qf3 Qe1+ 45. Kh2 c3 0-1